Map: Polka LE

Players

MiguelPérez - Winner!

  • Race: Terran Terran
  • League: Diamond
  • Spawn Location: 5:00

EmilioZapata - Winner!

  • Race: Terran Terran
  • League: Diamond
  • Spawn Location: 5:00

Massa

  • Race: Terran Terran
  • League: Platinum
  • Spawn Location: 11:00

qqq

  • Race: Zerg Zerg
  • League: Platinum
  • Spawn Location: 11:00

VOD

Have the link to the VOD?

Description

Time

  • Played on: Jan. 7, 2021, 1:56 p.m.
  • Length: 3:27
Show
View Real Time Build Order
Export as new Build Order

MiguelPérez Terran - Winner!

Build Orders:  

Get SALT Encoding   

  12  0:00  SCV  
  13  0:12  SCV  
  14  0:22  Supply Depot  
  14  0:24  SCV  
  15  0:44  SCV  
  16  0:52  Barracks  
  16  0:56  SCV  
  17  1:01  Barracks  
  17  1:08  SCV  
  18  1:19  Barracks  
  18  1:24  SCV  
  19  1:28  Supply Depot  
  19  1:37  SCV  
  19  1:39  Marine  
  21  1:52  Marine, Supply Depot  
  22  1:57  Marine  
  23  2:07  Marine  
  24  2:10  Marine  
  24  2:15  Marine  
  25  2:25  Marine  
  25  2:28  Marine  
  27  2:33  Marine  
  28  2:43  Marine  
  29  2:46  Marine  
  29  2:50  Marine  
  31  2:53  Bunker  
  30  3:01  Marine  
  30  3:03  Marine  
  32  3:08  Marine  
  32  3:12  Bunker  
Show
View Real Time Build Order
Export as new Build Order

EmilioZapata Terran - Winner!

Build Orders:  

Get SALT Encoding   

  12  0:00  SCV  
  13  0:14  SCV  
  14  0:26  Supply Depot  
  15  0:28  SCV  
  15  0:48  SCV  
  16  0:55  Barracks  
  16  1:08  SCV  
  17  1:13  Barracks  
  17  1:22  SCV  
  18  1:26  Barracks  
  18  1:32  Supply Depot  
  18  1:42  Supply Depot  
  18  1:46  Marine  
  19  1:56  SCV  
  19  2:00  Refinery  
  20  2:04  Marine  
  20  2:05  Marine  
  22  2:20  Marine  
  22  2:22  Marine  
  24  2:23  Marine  
  25  2:38  Marine  
  25  2:39  Marine  
  25  2:40  Marine  
  27  2:56  Marine  
  27  2:57  Marine  
  25  2:58  Marine  
Show
View Real Time Build Order
Export as new Build Order

Massa Terran 

Build Orders:  

Get SALT Encoding   

  12  0:00  SCV  
  13  0:12  SCV  
  14  0:21  Supply Depot  
  14  0:25  SCV  
  15  0:33  Refinery  
  15  0:43  SCV  
  15  0:46  Barracks  
  16  0:55  SCV  
  17  1:07  SCV  
  17  1:09  Supply Depot  
  18  1:19  SCV  
  19  1:37  Barracks  
  19  1:38  Reaper  
  19  1:39  Barracks  
  20  2:04  Orbital Command  
  20  2:10  Marine  
  19  2:24  Marine  
  19  2:26  Marine  
  19  2:28  Marine  
  20  2:42  Marine  
  20  2:44  Factory, Marine  
  22  2:45  Supply Depot  
  22  2:49  Barracks  
  21  2:58  Marine  
  22  3:00  Marine  
  22  3:01  Marine  
Show
View Real Time Build Order
Export as new Build Order

qqq Zerg 

Build Orders: Hatch First 

Get SALT Encoding   

  12  0:04  Drone  
  13  0:13  Drone  
  14  0:26  Overlord  
  14  0:45  Hatchery  
  14  0:49  Drone  
  14  0:53  Drone  
  14  0:56  Drone  
  16  1:20  Spawning Pool  
  15  1:31  Drone x3  
  18  1:34  Extractor  
  17  1:50  Drone  
  18  2:00  Drone  
  19  2:09  Queen, Zergling x4  
  22  2:16  Spine Crawler  
  22  2:19  Spine Crawler  
  22  2:20  Drone, Spine Crawler  
  20  2:24  Zergling x2  
  21  2:30  Zergling x2  
  20  2:40  Zergling x4  
  21  2:49  Zergling x4  
Tags
 
Add a new tag
Caveats
  • Supply blocks, unpowered buildings, or Contaminate may cause inaccurate times.
  • Supply counts are checked every 10 seconds.